 Dungeon Crawl Stone Soup version 0.31.0-1-g2c135a008e (webtiles) character file.

Game seed: 15243729000985222953

147 qw the Shooter (level 5, -11/40 HPs)
             Began as a Djinni Hunter on Jan 23, 2024.
             Mangled by an ogre
             ... wielding a +0 giant spiked club
              (25 damage)
             ... on level 4 of the Dungeon.
             The game lasted 00:00:06 (1735 turns).

qw the Shooter (Djinni Hunter)                      Turns: 1735, Time: 00:00:07

Health: -11/40     AC:  5    Str: 16    XL:     5   Next: 55%
Gold:   159        EV: 12    Int: 11    God:
                   SH:  0    Dex: 18

rFire   + + .        a - +0 shortbow
rCold   x . .        (shield currently unavailable)
rNeg    . . .        f - +0 ring mail
rPois   inf          (no helmet)
rElec   .            (no cloak)
rCorr   .            (no gloves)
SInv    .            (boots unavailable)
Will    .....        (no amulet)
Stlth   +            e - +6 ring of strength
HPRegen 0.26/turn    (no ring)
MPRegen 0.00/turn

%: infuse magic (-12 HP)
@: flying
A: sickness immunity, fire resistance 2, cold vulnerability 1, float, innate
caster, HP casting, extra vitality 1
a: no special abilities


You were on level 4 of the Dungeon.
You visited 1 branch of the dungeon, and saw 4 of its levels.

You collected 159 gold pieces.


Innate Abilities, Weirdness & Mutations

You are immune to sickness and miasma.
You are immune to poison.
Your flesh is very heat resistant. (rF++)
You are vulnerable to cold. (rC-)
You float through the air rather than walking.
You learn spells naturally, not from books.
Your magical power is your life essence.
You have superior vitality. (+4 MHP)


   Skills:
 - Level 3.2 Fighting
 + Level 4.4 Ranged Weapons
 - Level 1.0 Armour
 - Level 3.0 Dodging
 - Level 0.7 Stealth


You knew the following spells:

 Your Spells              Type           Power      Damage    Failure   Level
a - Magic Dart            Conj           0%         1d3       56%         1
b - Jinxbite              Hex            0%         N/A       71%         2
Your spell library was empty.

Inventory:

Hand Weapons
 a - a +0 shortbow (weapon)
Armour
 f - a +0 ring mail (worn)
Jewellery
 e - a +6 ring of strength (left hand)
Potions
 c - a potion of might
 h - a potion of curing {unknown}
 i - a potion of brilliance {unknown}

Dungeon Overview and Level Annotations

Branches:
Dungeon (3/15)

Altars:


Message History

You start resting.
HP restored.
A malevolent force fills the Dungeon...
You are sucked into a shaft and drop 1 floor!
The shaft crumbles and collapses.
You reach down and open the door.
A kobold comes into view. It is wielding a +0 dagger.
Waypoint 3 assigned to D:4.
You shoot an arrow. The arrow hits the kobold.
The kobold shouts!
The kobold is heavily wounded.
You hear a shout!
A hound comes into view.
An ogre comes into view. It is wielding a +0 giant spiked club.
The hound moves out of view.
You shoot an arrow. The arrow closely misses the ogre.
The hound bites you.
You shoot an arrow. The arrow hits the hound.
The hound is lightly wounded.
The hound bites you. The hound bites you but does no damage.
1729 ||| RETREEEEATING.
You shoot an arrow. The arrow hits the hound!
The hound is heavily wounded.
The hound bites you but does no damage. The hound bites you.
You shoot an arrow. The arrow hits the hound!
You kill the hound!
You shoot an arrow. The arrow hits the ogre.
The ogre is moderately wounded.
The ogre barely misses you.
You shoot an arrow.
The arrow hits the ogre but does no damage.
The ogre is moderately wounded.
The ogre hits you with a +0 giant spiked club!
You shoot an arrow. The arrow hits the ogre!
The ogre is heavily wounded.
The ogre hits you with a +0 giant spiked club!
You shoot an arrow. The arrow hits the ogre.
The ogre is heavily wounded.
The ogre hits you with a +0 giant spiked club!!
Ouch! That really hurt!
You die...

#... #... # #...
..##... ....O ...
#+####'##########
......KO@.......#
.##+###########.#
#.# #.# #.# #.#
#.# #.# #.#


You could see an ogre and a kobold.

Vanquished Creatures
  A hound (D:4)
  An iguana (D:2)
  3 adders
  4 dart slugs
  2 ribbon worms (D:2)
  5 endoplasms (D:1)
  2 giant cockroaches (D:2)
  5 goblins
  4 hobgoblins
  5 jackals (D:1)
  6 kobolds
  A quokka (D:2)
  2 ball pythons
  3 bats
  A frilled lizard (D:1)
  5 rats
50 creatures vanquished.

Notes
Turn   | Place    | Note
-------+----------+-------------------------------------------
     0 | D:1      | qw the Djinni Hunter began the quest for the Orb.
     0 | D:1      | Reached XP level 1. HP: 18/18 MP: 0/0
     0 | D:1      | 0 ||| qw: Version: 0.3-a-136-gdd3b4e8
     0 | D:1      | 0 ||| qw: Game counter: 1046
     0 | D:1      | 0 ||| qw: Melee chars always use a shield: true
     0 | D:1      | 0 ||| qw: God list: Okawaru
     0 | D:1      | 0 ||| qw: Allow faded altars: false
     0 | D:1      | 0 ||| qw: Do Orc after clearing Dungeon:15 true
     0 | D:1      | 0 ||| qw: Do second Lair branch before Depths: true
     0 | D:1      | 0 ||| qw: Lair rune preference: random
     0 | D:1      | 0 ||| qw: Goals: Normal
     0 | D:1      | 0 ||| PLANNING D:1-11
   103 | D:1      | Reached XP level 2. HP: 15/23 MP: 0/0
   201 | D:1      | Reached XP level 3. HP: 22/28 MP: 0/0
   201 | D:1      | Learned a level 1 spell: Magic Dart
   280 | D:1      | Reached skill level 4 in Ranged Weapons
   730 | D:1      | 730 ||| UPGRADING to +0 ring mail.
   740 | D:1      | 740 ||| DROPPING +0 leather armour.
   741 | D:1      | 741 ||| UPGRADING to +6 ring of strength.
   742 | D:1      | 742 ||| READING scroll labelled FOPSOS RAUMAFA.
   742 | D:1      | 742 ||| IDENTIFYING fizzy clear potion
   743 | D:1      | 743 ||| DROPPING scroll of butterflies.
   744 | D:1      | 744 ||| DROPPING potion of degeneration.
   835 | D:2      | 835 ||| FLEEEEING.
   836 | D:2      | 836 ||| FLEEEEING.
   838 | D:2      | 838 ||| FLEEEEING.
   839 | D:2      | 839 ||| FLEEEEING.
   841 | D:2      | 841 ||| FLEEEEING.
   871 | D:2      | Reached skill level 1 in Armour
   980 | D:2      | Reached skill level 3 in Fighting
   980 | D:2      | Reached XP level 4. HP: 19/35 MP: 0/0
  1425 | D:2      | Reached skill level 3 in Dodging
  1425 | D:2      | Reached XP level 5. HP: 40/40 MP: 0/0
  1425 | D:2      | Learned a level 2 spell: Jinxbite
  1651 | D:2      | 1651 ||| READING scroll of identify.
  1651 | D:2      | 1651 ||| IDENTIFYING purple potion
  1652 | D:2      | 1652 ||| READING 3 scrolls labelled WAKUMEGUOJ.
  1653 | D:2      | 1653 ||| READING 3 scrolls labelled QIUXEIDIOGO.
  1654 | D:2      | 1654 ||| DROPPING 2 scrolls of immolation.
  1655 | D:2      | 1655 ||| DROPPING 2 scrolls of poison.
  1708 | D:3      | You are sucked into a shaft and drop 1 floor!
  1726 | D:4      | Noticed an ogre
  1729 | D:4      | 1729 ||| RETREEEEATING.
  1735 | D:4      | Mangled by an ogre

Levels and vault maps discovered:
D:1:      dpeg_cavernosity, layout_basic
D:2:      layout_basic, nicolae_figureground_sparkle
D:3:      layout_loops_ring, corner_web_ring, goddamned_bats
D:4:      layout_basic, regret_index_temple_of_mockery, kennysheep_orc_chapel,
          uniq_blork_the_orc, uniq_natasha, uniq_crazy_yiuf_cottage

Skill      XL: |  1  2  3  4 |
---------------+-------------+-----
Ranged Weapons | 4 |  4.4
Armour         | 1 |  1.0
Fighting       | 3 |  3.2
Dodging        | 3 |  3.0
Stealth        | |  0.7

Action                     |  1- 3 |  4- 6 || total
---------------------------+-------+-------++-------
   Fire: Shortbow          |   106 |    74 ||   180
    Use: Scroll            |     1 |     3 ||     4
 Armour: Leather armour    |    22 |       ||    22
         Ring mail         |    11 |    30 ||    41
  Dodge: Dodged            |    32 |    25 ||    57

Table legend:
 A = Non-vault XP
 B = Vault XP
 C = Vault XP percentage of total XP
 D = Non-vault monster count
 E = Vault monster count
 F = Vault count percentage of total count
                 A         B        C        D         E       F
            +---------+---------+-------+---------+---------+-------
      Total |     204 |       7 |   3.3 |      46 |       4 |   8.0
            +---------+---------+-------+---------+---------+-------
        D:1 |      39 |       7 |  15.2 |      22 |       4 |  15.4
        D:2 |     103 |       0 |   0.0 |      21 |       0 |   0.0
        D:3 |      17 |       0 |   0.0 |       2 |       0 |   0.0
        D:4 |      45 |       0 |   0.0 |       1 |       0 |   0.0
            +---------+---------+-------+---------+---------+-------
